 Dungeon Crawl Stone Soup version 0.20.1-1-g8b1a95d (webtiles) character file.

598 lepilou the Conjurer (level 7, 0/55 HPs)
             Began as a Purple Draconian Conjurer on July 4, 2017.
             Was a Believer of Qazlal.
             Slain by a scorpion (8 damage)
             ... on level 4 of the Dungeon.
             The game lasted 00:09:48 (4615 turns).

lepilou the Conjurer (Purple Draconian Conjurer)    Turns: 4615, Time: 00:09:49

Health: 0/55       AC:  6    Str: 10    XL:     7   Next: 17%
Magic:  1/14       EV: 13    Int: 17    God:    Qazlal [**....]
Gold:   152        SH:  2    Dex: 12    Spells: 5/15 levels left

rFire    . . .     SeeInvis .   r - staff of death
rCold    . . .     Gourm    .   (no shield)
rNeg     + . .     Faith    .   (armour unavailable)
rPois    .         Spirit   .   (helmet restricted)
rElec    .         Reflect  .   (no cloak)
rCorr    .         Harm     .   (no gloves)
MR       +....                  (no boots)
Stlth    +++.......             (no amulet)
Regen    0.2/turn               h - ring of stealth
MPRegen  0.2/turn               (no ring)

@: lethally poisoned (0 -> -6)
A: breathe power, unfitting armour, cold-blooded, AC +6
a: Breathe Dispelling Energy, Upheaval, Renounce Religion


You were on level 4 of the Dungeon.
You worshipped Qazlal.
Qazlal was pleased with you.
You were not hungry.

You visited 1 branch of the dungeon, and saw 4 of its levels.

You collected 152 gold pieces.

Inventory:

Hand Weapons
 g - a +1 dagger of pain
 w - a +1 dagger of venom
Magical Staves
 r - an uncursed staff of death (weapon)
Jewellery
 h - a ring of stealth (left hand)
Scrolls
 c - 2 scrolls of blinking {unknown}
 e - a scroll of identify
 f - 2 scrolls of remove curse
 m - a scroll of noise {unknown}
 s - a scroll of fear
Potions
 d - 5 potions of curing {unknown}
 i - a potion of cancellation {unknown}
 j - a potion of brilliance {unknown}
 k - a potion of mutation {unknown}
 l - a potion of invisibility {unknown}
 n - 2 potions of heal wounds {unknown}
 p - a potion of agility {unknown}
 u - a potion of magic {unknown}
Books
 a - a book of Conjurations

   Spells                             Type                      Level
   a - Magic Dart                     Conjuration                  1
   b - Searing Ray                    Conjuration                  2
   c - Dazzling Spray                 Conjuration/Hexes            3
   d - Fulminant Prism                Conjuration/Hexes            4
   e - Force Lance                    Conjuration/Translocation    4
   f - Iskenderun's Mystic Blast      Conjuration                  4
Comestibles
 b - 2 bread rations
 o - a meat ration
 q - 5 fruits


   Skills:
 + Level 2.1 Fighting
 - Level 2.7 Short Blades
 + Level 3.0 Dodging
 - Level 2.5 Stealth
 + Level 4.9 Spellcasting
 + Level 5.8 Conjurations
 + Level 0.2 Hexes


You had 5 spell levels left.
You knew the following spells:

 Your Spells              Type           Power        Failure   Level  Hunger
a - Magic Dart            Conj           ###.         1%          1    None
b - Searing Ray           Conj           ###...       1%          2    #......
c - Dazzling Spray        Conj/Hex       ##....       12%         3    ###....
d - Iskenderun's Mystic   Conj           ###.....     13%         4    ####...


Dungeon Overview and Level Annotations

Branches:
Dungeon (4/15)             Temple (0/1) D:4

Altars:
Ashenzari
Hepliaklqana
Nemelex Xobeh
Okawaru
Qazlal
The Shining One

Shops:
D:4 =


Innate Abilities, Weirdness & Mutations

You can breathe bolts of dispelling energy.
Your rich purple scales are hard. (AC +6)
You cannot fit into any form of body armour.
You are cold-blooded and may be slowed by cold attacks.


Message History

You hit the scorpion but do no damage. You tail-slap the scorpion.
The scorpion is severely wounded.
You feel sick. You block the scorpion's attack.
You closely miss the scorpion.
Your tail-slap misses the scorpion.
The scorpion is severely wounded.
You feel sick. The scorpion closely misses you.
You barely miss the scorpion.
The scorpion is severely wounded.
You feel sick.
The scorpion stings you but does no damage.
You closely miss the scorpion.
The scorpion is severely wounded.
You feel sick. The scorpion stings you.
* * * LOW HITPOINT WARNING * * *
The scorpion stings you.
* * * LOW HITPOINT WARNING * * *
You hit the scorpion but do no damage.
The scorpion is severely wounded.
You feel sick. The scorpion stings you!
You die...

# #.# ### ..# ##.# #.#
#..# #.# #..# #.# #..#
#.# ##..# #s####...#
#####@##..<#.#
#...ยง.##.###.## ###
#.##..........######..
#..##.#.###...........
##.##.#.# ####.#####..
#.##.#.# #..## #..
#..#.#.#######>.#####
##......##.......##
##................##


You could see a scorpion.

Vanquished Creatures
  2 ogres (D:3)
  A scorpion (D:4)
  A howler monkey (D:4)
  A centaur skeleton (D:4)
  2 orc wizards
  3 worker ants (D:4)
  Robin (D:4)
  7 adders
  An adder skeleton (D:4)
  A worm (D:2)
  3 dart slugs
  2 leopard geckos
  10 orcs
  5 giant cockroaches
  18 goblins
  7 hobgoblins
  5 jackals
  2 quokkas
  3 ball pythons
  8 bats
  4 frilled lizards
  6 kobolds
  8 rats
101 creatures vanquished.

Notes
Turn   | Place    | Note
-------+----------+-------------------------------------------
     0 | D:1      | lepilou the Draconian Conjurer began the quest for the Orb.
     0 | D:1      | Reached XP level 1. HP: 14/14 MP: 3/3
   357 | D:1      | Reached XP level 2. HP: 20/20 MP: 1/5
   626 | D:1      | Found a glowing golden altar of the Shining One.
   950 | D:2      | Reached XP level 3. HP: 20/26 MP: 1/6
   964 | D:2      | HP: 1/26 [worm (3)]
  1360 | D:2      | Found a hazy altar of Hepliaklqana.
  1503 | D:2      | Found a stormy altar of Qazlal.
  1585 | D:2      | Became a worshipper of Qazlal Stormbringer
  1689 | D:2      | Reached XP level 4. HP: 20/34 MP: 1/7
  1690 | D:2      | Reached skill level 5 in Conjurations
  1945 | D:2      | Found an iron altar of Okawaru.
  2097 | D:3      | Learned a level 2 spell: Searing Ray
  2101 | D:3      | Learned a level 3 spell: Dazzling Spray
  2127 | D:3      | Found a glowing drain.
  2145 | D:2      | Reached skill level 1 in Short Blades
  2441 | D:3      | Reached XP level 5. HP: 21/39 MP: 1/8
  2546 | D:3      | Noticed an ogre
  2558 | D:3      | Killed an ogre
  2558 | D:3      | Reached skill level 1 in Fighting
  2915 | D:3      | Found a shattered altar of Ashenzari.
  3293 | D:3      | Reached * piety under Qazlal
  3319 | D:3      | Reached XP level 6. HP: 44/48 MP: 0/10
  3378 | D:3      | Learned a level 4 spell: Iskenderun's Mystic Blast
  3693 | D:4      | Found a staircase to the Ecumenical Temple.
  3698 | D:4      | Found Yscher's Jewellery Shop.
  3958 | D:4      | Noticed Robin
  3985 | D:4      | Killed Robin
  4272 | D:4      | Reached ** piety under Qazlal
  4272 | D:4      | Your scales start taking on a rich purple colour.
  4272 | D:4      | Reached XP level 7. HP: 51/53 MP: 2/13
  4467 | D:4      | Found a sparkling altar of Nemelex Xobeh.
  4615 | D:4      | Slain by a scorpion

Skill      XL: |  1  2  3  4  5  6  7 |
---------------+----------------------+-----
Stealth        | 2 |  2.5
Dodging        | 2 3 |  3.0
Conjurations   | 5 |  5.8
Short Blades   | 1 2 |  2.7
Fighting       | 1 2 |  2.1
Spellcasting   | 3 4 |  4.9
Hexes          | |  0.2

Action                   |  1- 3 |  4- 6 |  7- 9 || total
-------------------------+-------+-------+-------++-------
Melee: Unarmed           |    38 |       |       ||    38
       Tailslap          |     3 |    17 |     1 ||    21
       Dagger            |    26 |   146 |       ||   172
       Staff             |       |       |    14 ||    14
 Cast: Magic Dart        |    56 |   111 |    29 ||   196
       Dazzling Spray    |       |     4 |       ||     4
       Searing Ray       |       |     1 |       ||     1
       Iskenderun's Myst |       |     3 |       ||     3
  Use: Scroll            |       |     9 |       ||     9
 Stab: Invisible         |       |     1 |       ||     1
  Eat: Chunk             |     3 |     9 |     2 ||    14
Armor: Skin              |    15 |    48 |     3 ||    66
Dodge: Dodged            |    40 |   112 |     4 ||   156
Block: Other             |       |     4 |     1 ||     5
